 Dungeon Crawl Stone Soup version 0.16.1-4-g8e1b745 (webtiles) character file.

1379 Marmotinha the Ruffian (level 8, 0/83 HPs)
             Began as a Troll Monk on Mar 26, 2015.
             Slain by a hobgoblin
             ... wielding a +0 dagger
              (4 damage)
             ... on level 6 of the Dungeon on Mar 27, 2015.
             The game lasted 00:26:41 (4456 turns).

Marmotinha the Ruffian (Troll Monk)                 Turns: 4456, Time: 00:26:41

Health: 0/83       AC:  7    Str: 22    XL:     8   Next: 39%
Magic:  3/3        EV: 11    Int:  6    God:
Gold:   133        SH:  0    Dex: 12    Spells: 0 memorised, 7 levels left

rFire  . . .     SeeInvis .       - Unarmed
rCold  . . .     Clarity  .     a - +0 robe
rNeg   . . .     SustAb   +     (shield restricted)
rPois  .         Gourm    +     (helmet restricted)
rElec  .         Spirit   .     s - +1 cloak
rCorr  .         Warding  .     (gloves unavailable)
rMut   .         Stasis   .     (boots unavailable)
MR     .....                    y - amulet of the gourmand
Stlth  ++........               (no ring)
                                o - ring of sustain abilities

@: slowed, very slow, not resistant to hostile enchantments, unstealthy
A: unfitting armour, claws 3, fast metabolism 3, gourmand, regeneration 2,
shaggy fur 1, tough skin 2
a: no special abilities


You were on level 6 of the Dungeon.
You were not hungry.

You visited 1 branch of the dungeon, and saw 6 of its levels.

You collected 273 gold pieces.
You spent 140 gold pieces at shops.

Inventory:

Armour
 a - a +0 robe (worn)
 s - a +1 cloak (worn)
Jewellery
 o - a ring of sustain abilities (left claw)
 y - an amulet of the gourmand (around neck)
Magical devices
 t - a wand of slowing (21)
 z - a wand of magic darts (18)
Scrolls
 d - 5 scrolls of enchant armour
 j - 2 scrolls of identify
 v - 2 scrolls of remove curse
 w - a scroll of recharging
Potions
 c - 7 potions of curing {unknown}
 e - 2 potions of agility {unknown}
 g - 3 potions of ambrosia {unknown}
 h - a potion of mutation {unknown}
 i - a potion of might {unknown}
 k - 2 potions of brilliance {unknown}
 m - a potion of heal wounds
 p - a potion of berserk rage {unknown}
 q - a potion of restore abilities {unknown}
 u - a potion of experience {unknown}
 x - a potion of degeneration {unknown}
Comestibles
 b - 3 meat rations
 f - 11 fruits
 l - 3 bread rations
 n - 4 chunks of flesh
 r - a beef jerky


   Skills:
 * Level 6.0 Fighting
 + Level 4.4 Dodging
 + Level 3.2 Stealth
 + Level 6.1 Unarmed Combat


You had 7 spell levels left.
You didn't know any spells.

Dungeon Overview and Level Annotations

Branches:
Dungeon (6/15)
 Temple: D:4-7

Altars:
Dithmenos

Shops:
D:4 !


Innate Abilities, Weirdness & Mutations

You are too large for most types of armour.
You have claws for hands.
Your metabolism is lightning-fast.
You like to eat raw meat.
You heal very quickly.
You are covered in fur (AC +1).
You have very tough skin (AC +2).


Message History

The hound barely misses you.
The orc wizard casts a spell.
The orc wizard seems to speed up.
The kobold hits you with a club.
* * * LOW HITPOINT WARNING * * *
The gnoll barely misses you.
You scratch the gnoll!
The gnoll begins to bleed from its wounds!
The gnoll is almost dead.
The gnoll is no longer bleeding.
The hound bites you.
* * * LOW HITPOINT WARNING * * *
The gnoll barely misses you. The hobgoblin barely misses you.
The orc wizard mumbles some strange words.
The orc wizard blinks!
The hound bites you.
* * * LOW HITPOINT WARNING * * *
The kobold barely misses you. The gnoll barely misses you.
You scratch the gnoll!
You kill the gnoll!
The hound bites you but does no damage. The gnoll hits you but does no damage.
The hobgoblin hits you with a dagger.
You die...

..# #..♣P♣#... #..#
..# #.PP♣♣#.?..#.$#
..##...♣P♣#....#(.#
..##..PPPP#....#..#
..###.....#....'..#
..# #.....#.K.g'Ko#
.## P♣#....#Kg# .#
#..g.#gg# #....#@K#
#### #oh# $KK#
.go.# .....#
..?...# .$$....#
......# ...


You could see a hound, an orc priest, 2 orc wizards, 2 gnolls, 2 hobgoblins and
5 kobolds.

Vanquished Creatures
  Edmund (D:4)
  Menkaure (D:4)
  2 centaurs (D:5)
  2 ogres (D:6)
  Duvessa (D:4)
  A gnoll sergeant (D:6)
  A scorpion (D:6)
  Dowan (D:4)
  A crimson imp (D:5)
  3 hounds
  A giant frog skeleton (D:4)
  3 orc priests (D:6)
  4 worker ants
  2 orc wizards (D:6)
  A hound skeleton (D:5)
  3 gnolls (D:6)
  4 adders
  4 worms
  3 giant geckos
  An ooze (D:1)
  4 orcs
  A ball python (D:2)
  6 bats
  3 giant cockroaches
  18 hobgoblins
  4 jackals (D:4)
  8 kobolds
  3 quokkas
  2 giant newts
  6 goblins
  11 rats
106 creatures vanquished.

Notes
Turn   | Place    | Note
--------------------------------------------------------------
     0 | D:1      | Marmotinha, the Troll Monk, began the quest for the Orb.
     0 | D:1      | Reached XP level 1. HP: 22/22 MP: 1/1
   162 | D:1      | Reached XP level 2. HP: 29/29 MP: 1/1
   993 | D:2      | Reached XP level 3. HP: 22/36 MP: 2/2
  1905 | D:3      | Reached XP level 4. HP: 41/45 MP: 2/2
  2478 | D:4      | Noticed Edmund
  2488 | D:4      | Killed Edmund
  2488 | D:4      | Reached XP level 5. HP: 38/54 MP: 2/2
  2584 | D:4      | Found Matit's Distillery.
  2714 | D:4      | Bought a potion of heal wounds for 70 gold pieces
  2714 | D:4      | Bought a potion of heal wounds for 70 gold pieces
  2777 | D:4      | Noticed Menkaure
  2790 | D:4      | Killed Menkaure
  2790 | D:4      | Reached skill level 5 in Unarmed Combat
  2790 | D:4      | Reached XP level 6. HP: 17/62 MP: 3/3
  3114 | D:4      | Noticed Duvessa
  3115 | D:4      | Noticed Dowan
  3119 | D:4      | Killed Duvessa
  3122 | D:4      | Killed Dowan
  3122 | D:4      | Reached XP level 7. HP: 65/71 MP: 3/3
  3303 | D:5      | Entered Level 5 of the Dungeon
  3455 | D:5      | Found a shadowy altar of Dithmenos.
  3847 | D:5      | Reached skill level 5 in Fighting
  4157 | D:6      | Reached XP level 8. HP: 37/81 MP: 3/3
  4419 | D:6      | Reached skill level 6 in Unarmed Combat
  4455 | D:6      | HP: 4/83 [hound (2)]
  4456 | D:6      | Slain by a hobgoblin

Action                   |  1- 3 |  4- 6 |  7- 9 || total
-------------------------+-------+-------+-------++-------
Melee: Unarmed           |   107 |   107 |   134 ||   348
  Use: Scroll            |       |     6 |     1 ||     7
       Potion            |       |       |     2 ||     2
 Stab: Sleeping          |     2 |     1 |     1 ||     4
       Distracted        |     1 |       |       ||     1
  Eat: Chunk             |    14 |     5 |    10 ||    29
       Meat ration       |     1 |       |     1 ||     2
       Fruit             |     1 |       |       ||     1
       Beef jerky        |       |     1 |       ||     1
